 Dungeon Crawl Stone Soup version 0.28-a0-1038-g9c4cb8273d (webtiles) character file.

Game seed: 10636578863741524510

271 fragbeetle the Ruffian (level 6, -7/47 HPs)
             Began as a Draconian Transmuter on Dec 8, 2021.
             Was an Initiate of Makhleb.
             Killed from afar by Dowan (13 damage)
             ... with a shard of ice
             ... on level 5 of the Dungeon.
             The game lasted 00:09:52 (3373 turns).

fragbeetle the Ruffian (Draconian Transmuter)       Turns: 3373, Time: 00:09:53

Health: -7/47      AC:  2    Str: 12    XL:     6   Next: 2%
Magic:  1/9        EV: 24    Int: 16    God:    Makhleb [......]
Gold:   144        SH:  0    Dex: 16    Spells: 4/9 levels left

rFire   + . .      SeeInvis .     - Unarmed
rCold   . . .      Faith    .   (shield currently unavailable)
rNeg    . . .      Spirit   .   (armour unavailable)
rPois   x          Reflect  .   (helmet currently unavailable)
rElec   .          Harm     .   (cloak currently unavailable)
rCorr   .          Rampage  .   (gloves currently unavailable)
Will    .....                   (boots currently unavailable)
Stlth   +.........              (no amulet)
HPRegen 0.15/turn               d - ring of protection from fire
MPRegen 0.11/turn               f - +4 ring of evasion

@: spider-form (expiring)
A: venomous fangs, AC +6, tiny, unfitting armour, (cold-blooded)
a: End Transformation, Renounce Religion


You were on level 5 of the Dungeon.
You worshipped Makhleb.
Makhleb was noncommittal.
You were a venomous arachnid creature.
You visited 1 branch of the dungeon, and saw 5 of its levels.

You collected 144 gold pieces.

Inventory:

Hand Weapons
 c - a +0 hunting sling of freezing
 g - a +0 dagger of distortion
Jewellery
 d - a ring of protection from fire (left front leg)
 f - a +4 ring of evasion (right front leg)
 i - a ring of resist corrosion
Wands
 l - a wand of flame (22)
Scrolls
 e - a scroll of brand weapon {unknown}
 m - a scroll of teleportation {unknown}
Potions
 b - a potion of degeneration
 h - a potion of berserk rage
 j - a potion of lignification {unknown}
 k - a potion of cancellation {unknown}


   Skills:
 - Level 1.1 Fighting
 * Level 3.0 Dodging
 + Level 4.8 Unarmed Combat
 - Level 2.0 Spellcasting
 * Level 4.1 Transmutations
 + Level 0.6 Poison Magic


You had 4 spell levels left.
You knew the following spells:

 Your Spells              Type           Power      Damage    Failure   Level
a - Beastly Appendage     Tmut           28%        N/A       12%         1
b - Spider Form           Tmut/Pois      9%         N/A       43%         3
c - Slow                  Hex            4%         N/A       41%         1

Your spell library contained the following spells:

 Spells                   Type           Power      Damage    Failure   Level
 Wereblood                Tmut           14%        N/A       16%         2
 Confusing Touch          Hex            1%         N/A       73%         3
 Vampiric Draining        Necr           1%         2d6       73%         3
 Ice Form                 Ice/Tmut       8%         N/A       83%         4
 Animate Dead             Necr           0%         N/A       97%         4
 Haunt                    Necr/Summ      0%         N/A       100%        7
 Infestation              Necr           0%         N/A       100%        8


Dungeon Overview and Level Annotations

Branches:
Dungeon (5/15)
 Temple: D:4-7

Altars:
Ashenzari
Cheibriados
Makhleb
Nemelex Xobeh
Sif Muna
Yredelemnul

Shops:
D:3 =

Annotations:
D:5 Dowan


Innate Abilities, Weirdness & Mutations

You are a venomous arachnid creature.
You have poisonous fangs.
You are tiny and dextrous.
Your spellcasting is less reliable in this form.
Your armour is entirely melded.
You are incapable of wielding weapons or throwing items.
((Your plain brown scales are hard. (AC +6)))
You cannot fit into any form of body armour.
((You are cold-blooded and may be slowed by cold attacks.))


Message History

Confirm with . or Enter, or press ? or * to list all spells.
The spell is quite dangerous to miscast (28% risk of failure)!
Continue anyway?
You turn into a venomous arachnid creature.
Duvessa closely misses you.
Dowan mumbles some strange words.
Dowan blinks!
You hit Duvessa but do no damage.
Duvessa is heavily wounded.
Duvessa completely misses you.
You feel better. Duvessa hits you with a +0 short sword!
You barely miss Duvessa.
Duvessa is severely wounded.
Dowan gestures at you while chanting. The puff of flame misses you.
Duvessa hits you with a +0 short sword.
* * * LOW HITPOINT WARNING * * *
Okay, then.
You feel better. Duvessa hits you with a +0 short sword!
* * * LOW HITPOINT WARNING * * *
You hit Duvessa.
You kill Duvessa!
Makhleb accepts your kill.
Dowan seems overcome with grief, but rights himself reflexively soon after.
Dowan seems to find hidden reserves of power!
Your transformation is almost over.
Dowan gestures at you while chanting. The stone arrow misses you.
Your Dodging skill increases to level 3!
Your Transmutations skill increases to level 4!
You have reached level 6!
Your scales feel tougher.
You closely miss Dowan. Dowan closely misses you. Dowan completely misses you.
You bite Dowan!
Dowan is poisoned.
Dowan is moderately wounded.
Dowan barely misses you.
You bite Dowan!
Dowan looks as sick as possible!
Dowan is severely wounded.
Dowan completely misses you.
Dowan points at you and mumbles some strange words.
The shard of ice hits you!
You die...

#.# #.# .# #.# #.# #.#
#.# #.##.. #... #.# #.#.#
# ... ###.###..##.##.
#... #..............
...##.#####........
####.#..#####).......
........#...se.....!.
#######....[....#######.
##.....###.....###.....##
#..≈≈≈...##...##...≈≈≈..#
#.≈≈≈≈≈...........≈≈§≈≈.#
#..≈≈≈...##...##...§≈≈.)#
##.....###.....###.....##
.#######.........#######
............#......


You could see Dowan (fast, extremely poisoned).

Vanquished Creatures
  Duvessa (D:5)
  A crimson imp (D:5)
  A bullfrog skeleton (D:5)
  4 adders
  A white imp (D:5)
  2 worms
  2 orcs
  6 endoplasms
  A giant cockroach (D:2)
  3 goblins
  3 hobgoblins
  6 jackals
  2 quokkas (D:2)
  6 ball pythons
  2 bats (D:1)
  A frilled lizard (D:1)
  4 kobolds
  4 rats
50 creatures vanquished.

Vanquished Creatures (others)
  20 plants (D:5)
20 creatures vanquished.

Grand Total: 70 creatures vanquished

Notes
Turn   | Place    | Note
-------+----------+-------------------------------------------
     0 | D:1      | fragbeetle the Draconian Transmuter began the quest for the
                  | Orb.
     0 | D:1      | Reached XP level 1. HP: 16/16 MP: 3/3
   177 | D:1      | Found a faded altar of an unknown god.
   320 | D:1      | Reached XP level 2. HP: 18/23 MP: 5/5
   775 | D:2      | Found a broken altar of Ashenzari.
  1377 | D:2      | Reached XP level 3. HP: 28/28 MP: 4/6
  1381 | D:2      | Learned a level 3 spell: Spider Form
  1704 | D:3      | Found Toteyruh's Jewellery Boutique.
  1854 | D:3      | Found a burning altar of Makhleb.
  1858 | D:3      | Became a worshipper of Makhleb the Destroyer
  1865 | D:3      | Found a snail-covered altar of Cheibriados.
  1875 | D:3      | Found a shimmering blue altar of Sif Muna.
  1880 | D:3      | Found a basalt altar of Yredelemnul.
  2113 | D:3      | Found a sparkling altar of Nemelex Xobeh.
  2215 | D:4      | Reached XP level 4. HP: 19/35 MP: 7/7
  2440 | D:4      | Learned a level 1 spell: Slow
  3031 | D:4      | Noticed an ogre
  3032 | D:4      | Noticed a black bear
  3062 | D:5      | Entered Level 5 of the Dungeon
  3274 | D:5      | Reached XP level 5. HP: 34/40 MP: 2/8
  3339 | D:5      | Noticed Duvessa
  3362 | D:5      | Noticed Dowan
  3370 | D:5      | Killed Duvessa
  3371 | D:5      | Reached XP level 6. HP: 6/47 MP: 1/9
  3373 | D:5      | Killed from afar by Dowan

Illustrated notes

Levels and vault maps discovered:
D:1:      erik_arrival_orb_chamber, layout_loops_ring,
          hellmonk_ecumenical_altar_pennies_from_heaven
D:2:      layout_rooms, basic_altar
D:3:      layout_loops_cross, grunt_temple_overflow_cloverleaf,
          mainiacjoe_overflow_small_starburst, serial_shops,
          nicolae_shop_temple_entry_statues_fountains, serial_park_tiny_pond
D:4:      layout_layer_cave, serial_shops, nicolae_lakefront_shop
D:5:      layout_loops_cross, mainiacjoe_overflow_chevrons,
          minmay_fire_ice_demons, uniq_eustachio, uniq_duvessa

Skill      XL: |  1  2  3  4  5 |
---------------+----------------+-----
Dodging        | 2 3 |  3.0
Unarmed Combat | 4 |  4.8
Transmutations | 3 4 |  4.1
Fighting       | |  1.1
Spellcasting   | |  2.0
Poison Magic   | |  0.6

Action                   |  1- 3 |  4- 6 || total
-------------------------+-------+-------++-------
Melee: Unarmed           |    89 |    72 ||   161
       Kick              |    17 |     4 ||    21
       Headbutt          |     9 |     4 ||    13
       Tailslap          |     7 |     4 ||    11
       Punch             |     1 |       ||     1
 Cast: Beastly Appendage |    24 |     7 ||    31
       Spider Form       |     2 |     5 ||     7
  Use: Scroll            |       |     3 ||     3
       Potion            |       |     2 ||     2
 Stab: Sleeping          |     4 |     1 ||     5
Armor: Skin              |    15 |    16 ||    31
Dodge: Dodged            |    43 |    34 ||    77

Table legend: (Time is in decaauts)
 A = Elapsed time spent in this place.
 B = Non-inter-level travel time spent in this place.
 C = Inter-level travel time spent in this place.
 D = Time resting spent in this place.
 E = Time spent auto-exploring this place.
 F = Levels seen in this place.
 G = Mean time per level.
                   A        B        C        D        E       F      G
               +--------+--------+--------+--------+--------+-----+--------+
         Total |   3362 |   3288 |     74 |    253 |   2227 |   5 |  672.4 |
       Dungeon |   3362 |   3288 |     74 |    253 |   2227 |   5 |  672.4 |
               +--------+--------+--------+--------+--------+-----+--------+

Top non-repeatable levels by time:
     D:4: 856 daAuts
     D:2: 827 daAuts
     D:1: 766 daAuts
     D:3: 605 daAuts
     D:5: 307 daAuts
